 Dungeon Crawl Stone Soup version 0.27-a0-1149-g4505690ab0 (webtiles) character file.

Game seed: 11806073580790579871

358 Sobieck the Cleaver (level 6, -8/52 HPs)
             Began as a Hill Orc Fighter on May 12, 2021.
             Was an Initiate of Okawaru.
             Mangled by Menkaure (19 damage)
             ... on level 4 of the Dungeon.
             The game lasted 00:05:43 (3219 turns).

Sobieck the Cleaver (Hill Orc Fighter)              Turns: 3219, Time: 00:05:44

Health: -8/52      AC: 11    Str: 21    XL:     6   Next: 64%
Magic:  6/6        EV:  3    Int:  8    God:    Okawaru [......]
Gold:   137        SH:  9    Dex: 10    Spells: 5/5 levels left

rFire    . . .     SeeInvis .   a - +0 war axe {axe}
rCold    . . .     Faith    .   c - +0 kite shield
rNeg     . . .     Spirit   .   s - +0 plate armour
rPois    .         Reflect  .   (no helmet)
rElec    .         Harm     .   (no cloak)
rCorr    .         Rampage  .   (no gloves)
Will     .....                  (no boots)
Stlth    ..........             (no amulet)
HPRegen  0.17/turn              (no ring)
MPRegen  0.10/turn              (no ring)

@: no status effects
A: no striking features
a: Renounce Religion


You were on level 4 of the Dungeon.
You worshipped Okawaru.
Okawaru was noncommittal.
You visited 2 branches of the dungeon, and saw 7 of its levels.

You collected 137 gold pieces.


   Skills:
 - Level 4.0 Fighting
 + Level 8.9 Axes
 - Level 3.2 Armour
 - Level 3.2 Shields


You had 5 spell levels left.
You didn't know any spells.
Your spell library was empty.

Inventory:

Hand Weapons
 a - a +0 war axe (weapon) {axe}
 b - a +0 hunting sling {sling}
   (You took it off a goblin on level 2 of the Dungeon)
 i - a +1 dagger of protection {short}
   (You took it off a kobold on level 1 of the Dungeon)
 m - a +1 dagger of draining {short}
   (You took it off Ijyb on level 3 of the Dungeon)
Missiles
 f - 47 stones (quivered) {throwing}
 k - 13 sling bullets
Armour
 c - a +0 kite shield (worn)
 l - a +0 scale mail
 s - a +0 plate armour (worn)
   (You found it on level 6 of the Dungeon)
Jewellery
 d - a ring of fire
   (You found it on level 2 of the Dungeon)
Wands
 n - a wand of iceblast (8)
   (You took it off Ijyb on level 3 of the Dungeon)
Scrolls
 g - a scroll of teleportation {unknown}
 j - a scroll of magic mapping {unknown}
 o - a scroll of amnesia {unknown}
 p - a scroll of fog {unknown}
 q - a scroll of vulnerability {unknown}
Potions
 e - a potion of flight
 h - a potion of mutation {!q}
 r - a potion of magic

Dungeon Overview and Level Annotations

Branches:
Dungeon (6/15)             Temple (1/1) D:5

Altars:
Elyvilon
Gozag
Nemelex Xobeh
Okawaru
Qazlal
Trog
Yredelemnul
The Shining One

Annotations:
D:4 Menkaure

#########
#....... #.#...
###.#.##
#.M....# .#
#.#@#..# .#
#.#.#..##.#
#.#...[...#
#.#......## ###
#.#....#.# ....
M.#.##.#.##.....
..#.##..........
#.####.##....
#.####.## .


You could see Menkaure (fast).


Message History

You slash the water moccasin zombie!
You destroy the water moccasin zombie!
Okawaru is honoured by your kill.
Your Axes skill increases to level 8!
You have reached level 6!
Your experience leads to an increase in your attributes!
Increase (S)trength, (I)ntelligence, or (D)exterity?
You feel stronger. 😮 HP[+4] MP[+1]
You now have 52 max hp (+6).
You regained 4 hp, and now have 39/52 hp.
Your mp is fully restored (6).
You start resting. 😎 HP[+13]
Your hp is fully restored (52).
b - a +0 hunting sling (weapon)
{sling}
Found 21 gold pieces and a ring mail.
Found a stone staircase leading up.
There is a stone staircase leading up here.
You now have 137 gold pieces (gained 12).
There is a stone staircase leading up here.
You climb upwards.
There is a stone staircase leading down here.
A black bear and a kobold come into view.
The black bear growls angrily.
The kobold shouts!
a - a +0 war axe (weapon)
{axe}
There is a stone staircase leading down here.
You slash the black bear!
The black bear bites you but does no damage.
The black bear claws you.
You block the black bear's attack. 😕 HP[-3]
You take 3 damage, and now have 49/52 hp.
You slash the black bear!
The black bear goes berserk!
The black bear bites you but does no damage.
You block the black bear's attack. The black bear claws you. 😕 HP[-1]
You take 1 damage, and now have 48/52 hp.
You barely miss the black bear. You block the black bear's attack.
The black bear claws you.
The black bear claws you but does no damage. 😕 HP[-2]
You take 2 damage, and now have 46/52 hp.
Unknown command.
You closely miss the black bear. The black bear bites you!
You block the black bear's attack. The black bear claws you.
The black bear bites you but does no damage.
The black bear claws you but does no damage. x2 😮 HP[-15]
You take 15 damage, and now have 31/52 hp.
MASSIVE DAMAGE!! (PAUSE)
You slash the black bear!
You kill the black bear!
Okawaru accepts your kill.
You hit the kobold.
You kill the kobold!
Okawaru accepts your kill. 😮 HP[+1] Unknown command.
You start resting. 😎 HP[+20]
Your hp is fully restored (52).
t - a scroll of identify {@r1}
Okay, then.
Okay, then.
As you read the scroll of identify {@r1}, it crumbles to dust.
e - a potion of flight An endoplasm comes into view.
The endoplasm quivers.
The endoplasm moves out of view.
You hit the endoplasm. The endoplasm freezes you.
You are frozen. 😕 HP[-2]
You take 2 damage, and now have 50/52 hp.
You hit the endoplasm. You block the endoplasm's attack.
You slash the endoplasm!
You kill the endoplasm!
Okawaru accepts your kill. 😕 HP[+1] 😎 HP[+1]
Your hp is fully restored (52).
Menkaure, Prince of Dust comes into view.
Menkaure mumbles some strange words.
Menkaure seems to speed up.
Menkaure barely misses you.
Your plate armour prevents you from hitting Menkaure.
Menkaure shouts, "The curse of the Pharaohs be upon you!"
Menkaure barely misses you.
You slash Menkaure!
Menkaure calls on the powers of darkness!
Your body is wracked with pain!
Menkaure hits you!
* * * LOW HITPOINT WARNING * * *
😨 HP[-35]
You take 35 damage, and now have 17/52 hp.
MASSIVE DAMAGE!! (PAUSE)
You completely miss Menkaure. Menkaure hits you.
* * * LOW HITPOINT WARNING * * *
Menkaure hits you!!
You die...

Skill      XL: |  1  2  3  4  5 |
---------------+----------------+-----
Axes           | 3 4 5 6 8 |  8.9
Fighting       | 4 |  4.0
Armour         | |  3.2
Shields        | |  3.2

Action                   |  1- 3 |  4- 6 || total
-------------------------+-------+-------++-------
Melee: War axe           |    84 |   102 ||   186
 Fire: Hunting sling     |       |    24 ||    24
  Use: Potion            |     1 |       ||     1
       Scroll            |       |     3 ||     3
Armor: Scale mail        |    22 |    41 ||    63
       Plate armour      |       |    17 ||    17
Dodge: Dodged            |    24 |    32 ||    56
Block: Kite shield       |    30 |    69 ||    99

Levels and vault maps discovered:
D:1:      lemuel_arrival_broad_hall, layout_basic,
          ebering_ecumenical_altar_sacrificial, serial_forest,
          infiniplex_forest_lined_room_3, infiniplex_forest_zigzag_1,
          infiniplex_forest_clump_double, infiniplex_forest_end_2
D:2:      layout_loops_cross, chequers_serial_rivers_room_b,
          minmay_misc_feat_room, chequers_serial_rivers_micro_b
D:3:      layout_rooms, serial_park_tiny_pond, grunt_ministairs_13, uniq_ijyb
D:4:      layout_loops_cross, uniq_menkaure
D:5:      layout_loops_ring, temple_statues, serial_aquarium,
          aquarium_bridge_long_separate [aquarium_subvault_bridge,
          aquarium_subvault_wall, aquarium_subvault_wall,
          aquarium_subvault_bridge, aquarium_subvault_bridge,
          aquarium_subvault_window], aquarium_bridge_square
          [aquarium_subvault_balcony, aquarium_subvault_wall,
          aquarium_subvault_wall, aquarium_subvault_bridge], aquarium_window_2,
          aquarium_window_corridor_1, aquarium_window_fake, aquarium_view_2g
D:6:      layout_basic
Temple:   compressed_dpeg_triangle_lava_temple

Notes
Turn   | Place    | Note
-------+----------+-------------------------------------------
     0 | D:1      | Sobieck the Hill Orc Fighter began the quest for the Orb.
     0 | D:1      | Reached XP level 1. HP: 19/19 MP: 1/1
     0 | D:1      | magus.rc [v1.9.6]
    61 | D:1      | Reached skill level 3 in Axes
    67 | D:1      | Reached XP level 2. HP: 18/27 MP: 2/2
   227 | D:1      | Reached skill level 4 in Fighting
   451 | D:1      | Found a faded altar of an unknown god.
   598 | D:1      | Reached skill level 4 in Axes
   790 | D:1      | Reached XP level 3. HP: 33/33 MP: 3/3
  1494 | D:2      | HP: 7/33 [wyvern skeleton (8)]
  1500 | D:2      | Reached skill level 5 in Axes
  1500 | D:2      | Reached XP level 4. HP: 8/40 MP: 4/4
  1784 | D:2      | Reached skill level 6 in Axes
  2082 | D:2      | Reached XP level 5. HP: 32/46 MP: 5/5
  2501 | D:3      | Noticed Ijyb
  2519 | D:3      | Killed Ijyb
  2621 | D:3      | You fall into a shaft and drop 3 floors!
  2643 | D:5      | Entered Level 5 of the Dungeon
  2643 | D:5      | Found a staircase to the Ecumenical Temple.
  2647 | Temple   | Entered the Ecumenical Temple
  2652 | Temple   | Became a worshipper of Warmaster Okawaru
  2787 | D:6      | Reached skill level 7 in Axes
  2943 | D:5      | Reached skill level 8 in Axes
  2943 | D:5      | Reached XP level 6. HP: 39/52 MP: 6/6
  3046 | D:4      | Noticed a black bear
  3054 | D:4      | Killed a black bear
  3210 | D:4      | Noticed Menkaure
  3219 | D:4      | HP: 11/52 [Menkaure (6)]
  3219 | D:4      | Mangled by Menkaure

Vanquished Creatures
  A black bear (D:4)
  A water moccasin zombie (D:5)
  A wyvern skeleton (D:2)
  A jelly (D:6)
  A centaur skeleton (D:6)
  Ijyb (D:3)
  An adder (D:6)
  A worm (D:2)
  2 dart slugs (D:1)
  4 orcs (D:2)
  3 bats
  5 endoplasms
  2 giant cockroaches
  7 goblins
  2 hobgoblins (D:2)
  10 jackals
  8 kobolds
  5 ball pythons
  A frilled lizard (D:1)
  5 rats
62 creatures vanquished.

Vanquished Creatures (others)
  13 fungi (D:5)
  A plant (D:1)
14 creatures vanquished.

Grand Total: 76 creatures vanquished

Table legend:
 A = Non-vault XP
 B = Vault XP
 C = Vault XP percentage of total XP
 D = Non-vault monster count
 E = Vault monster count
 F = Vault count percentage of total count
                 A         B        C        D         E       F
            +---------+---------+-------+---------+---------+-------
      Total |     479 |      33 |   6.4 |      61 |       1 |   1.6
            +---------+---------+-------+---------+---------+-------
        D:1 |      39 |       0 |   0.0 |      22 |       0 |   0.0
        D:2 |     130 |       0 |   0.0 |      29 |       0 |   0.0
        D:3 |       5 |      33 |  86.8 |       3 |       1 |  25.0
        D:4 |     137 |       0 |   0.0 |       3 |       0 |   0.0
        D:5 |      72 |       0 |   0.0 |       1 |       0 |   0.0
        D:6 |      96 |       0 |   0.0 |       3 |       0 |   0.0
            +---------+---------+-------+---------+---------+-------

Illustrated notes

Table legend:
 A = Kills in this place as a percentage of kills in entire the game.
 B = Kills by you in this place as a percentage of kills by you in the entire game.
 C = Kills by friends in this place as a percentage of kills by friends in the entire game.
 D = Other kills in this place as a percentage of other kills in the entire game.
 E = Experience gained in this place as a percentage of experience gained in the entire game.
 F = Experience gained in this place divided by the number of levels of this place that you have seen.
                   A       B       C       D       E      F
               +-------+-------+-------+-------+-------+----------------------
         Total | 100.0 | 100.0 |   N/A |   N/A | 100.0 |  73.1
       Dungeon | 100.0 | 100.0 |   N/A |   N/A | 100.0 |  85.3
               +-------+-------+-------+-------+-------+----------------------

Table legend: (Time is in decaauts)
 A = Elapsed time spent in this place.
 B = Non-inter-level travel time spent in this place.
 C = Inter-level travel time spent in this place.
 D = Time resting spent in this place.
 E = Time spent auto-exploring this place.
 F = Levels seen in this place.
 G = Mean time per level.
                   A        B        C        D        E       F      G
               +--------+--------+--------+--------+--------+-----+--------+
         Total |   3314 |   3203 |    111 |    778 |   1776 |   7 |  473.4 |
       Dungeon |   3303 |   3197 |    106 |    778 |   1776 |   6 |  550.5 |
        Temple |     10 |      5 |      5 |      0 |      0 |   1 |   10.0 |
               +--------+--------+--------+--------+--------+-----+--------+

Top non-repeatable levels by time:
     D:1: 1310 daAuts
     D:2: 1227 daAuts
     D:6: 271 daAuts
     D:4: 177 daAuts
     D:3: 165 daAuts
     D:5: 151 daAuts
  Temple: 10 daAuts
